 Dungeon Crawl Stone Soup version 0.26.1-11-gd32895ea62 (webtiles) character file.

Game seed: 10585183551959323535

1561 Zeld the Blocker (level 8, -5/71 HPs)
             Began as a Minotaur Fighter on June 9, 2021.
             Was a Follower of Okawaru.
             Slain by a warg (10 damage)
             ... on level 7 of the Dungeon.
             The game lasted 00:06:26 (7018 turns).

Zeld the Blocker (Minotaur Fighter)                 Turns: 7018, Time: 00:06:26

Health: -5/71      AC:  9    Str: 23    XL:     8   Next: 58%
Magic:  7/7        EV: 10    Int:  5    God:    Okawaru [*.....]
Gold:   165        SH: 11    Dex: 10    Spells: 7/7 levels left

rFire    . . .     SeeInvis .   a - +0 war axe
rCold    . . .     Faith    .   c - +0 kite shield
rNeg     . . .     Spirit   .   b - +0 scale mail
rPois    .         Reflect  .   (helmet restricted)
rElec    .         Harm     .   o - +0 cloak
rCorr    .         Rampage  .   p - +0 pair of gloves
Will     .....                  (no boots)
Stlth    ..........             (no amulet)
HPRegen  0.21/turn              (no ring)
MPRegen  0.10/turn              (no ring)

@: no status effects
A: retaliatory headbutt, horns 2
a: Renounce Religion, Heroism


You were on level 7 of the Dungeon.
You worshipped Okawaru.
Okawaru was aware of your devotion.
You visited 2 branches of the dungeon, and saw 8 of its levels.

You collected 319 gold pieces.
You spent 154 gold pieces at shops.

Inventory:

Hand Weapons
 a - a +0 war axe (weapon)
Missiles
 e - 18 poisoned darts (quivered)
 t - 7 boomerangs
 D - 5 javelins
Armour
 b - a +0 scale mail (worn)
 c - a +0 kite shield (worn)
 o - a +0 cloak (worn)
 p - a +0 pair of gloves (worn)
Jewellery
 g - a +6 ring of intelligence {unknown}
 q - an uncursed ring of ice {unknown}
 B - a +6 ring of intelligence {unknown}
 C - an uncursed amulet of the acrobat {unknown}
Wands
 s - a wand of polymorph (13)
 A - a wand of paralysis (9)
 F - a wand of iceblast (10)
Scrolls
 f - 2 scrolls of magic mapping {unknown}
 k - a scroll of teleportation {unknown}
 l - a scroll of enchant armour {unknown}
 m - 3 scrolls of remove curse {unknown}
 u - a scroll of enchant weapon {unknown}
 v - a scroll of blinking {unknown}
 x - 3 scrolls of identify {unknown}
 y - a scroll of amnesia {unknown}
Potions
 d - a potion of might
 h - a potion of ambrosia {unknown}
 i - a potion of lignification {unknown}
 j - 2 potions of brilliance {unknown}
 n - 3 potions of degeneration {unknown}
 r - 4 potions of curing {unknown}
 w - a potion of heal wounds {unknown}
 z - a potion of haste {unknown}
 E - a potion of cancellation {unknown}


   Skills:
 + Level 6.3 Fighting
 * Level 7.9 Axes
 - Level 3.6 Armour
 + Level 4.4 Dodging
 * Level 8.4 Shields


You had 7 spell levels left.
You didn't know any spells.
Your spell library was empty.

Dungeon Overview and Level Annotations

Branches:
Dungeon (7/15)             Temple (1/1) D:6

Altars:
Ashenzari
Cheibriados
Dithmenos
Fedhas
Gozag
Hepliaklqana
Kikubaaqudgha
Makhleb
Nemelex Xobeh
Okawaru
Qazlal
Ru
Sif Muna
Trog
Uskayaw
Vehumet
Wu Jian
Xom
Zin
The Shining One

Shops:
D:6 }


Innate Abilities, Weirdness & Mutations

You reflexively headbutt those who attack you in melee.
You have a pair of horns on your head.


Message History

The warg is almost dead.
You block the warg's attack. x2
You hit the warg.
You kill the warg!
Okawaru accepts your kill.
You hit the warg but do no damage. The warg bites you!
* * * LOW HITPOINT WARNING * * *
You barely miss the warg. You headbutt the warg.
The warg is lightly wounded.
The warg bites you!
* * * LOW HITPOINT WARNING * * *
You block the warg's attack.
You slash the warg!
The warg is heavily wounded.
You block the warg's attack.
Unknown command.
You closely miss the warg.
The warg is heavily wounded.
The warg closely misses you. The warg bites you!
You die...

.. #.# # #.#
#.# #######.#
........#
#######.# #.#
#(# #@# ##h##.#
#.o..#
#........>.#
.........###...
###.###..# #.
#. #.#. . .....
≈ ≈≈≈≈≈


You could see a warg and an orc.

Vanquished Creatures
  2 wargs (D:7)
  An orc warrior (D:6)
  2 ogres
  3 centaurs
  A howler monkey (D:6)
  A bullfrog zombie (D:5)
  4 orc wizards
  An orc priest (D:6)
  2 hounds
  A bullfrog skeleton (D:4)
  Ijyb (D:3)
  3 iguanas
  6 worker ants
  6 gnolls
  A howler monkey skeleton (D:4)
  6 adders
  A white imp (D:5)
  An ufetubus (D:6)
  An ooze (D:1)
  An adder skeleton (D:5)
  4 worms
  3 dart slugs
  6 leopard geckos
  17 orcs
  A ball python (D:3)
  7 giant cockroaches
  6 hobgoblins
  9 jackals
  8 kobolds
  6 quokkas
  8 bats
  2 frilled lizards (D:2)
  10 goblins
  2 jackal skeletons (D:4)
  A jackal zombie (D:5)
  6 rats
141 creatures vanquished.

Notes
Turn   | Place    | Note
-------+----------+-------------------------------------------
     0 | D:1      | Zeld the Minotaur Fighter began the quest for the Orb.
     0 | D:1      | Reached XP level 1. HP: 19/19 MP: 0/0
   203 | D:1      | Reached XP level 2. HP: 27/27 MP: 1/1
   260 | D:1      | Reached skill level 4 in Shields
   707 | D:1      | Reached XP level 3. HP: 28/33 MP: 2/2
   714 | D:1      | Reached skill level 1 in Dodging
  1232 | D:2      | Reached XP level 4. HP: 34/40 MP: 3/3
  1656 | D:2      | Found a snail-covered altar of Cheibriados.
  2486 | D:3      | Reached skill level 5 in Shields
  2486 | D:3      | Reached XP level 5. HP: 36/46 MP: 4/4
  2891 | D:3      | Noticed Ijyb
  2901 | D:3      | Killed Ijyb
  3410 | D:4      | Noticed an ogre
  3433 | D:4      | Killed an ogre
  3434 | D:4      | Reached skill level 5 in Axes
  3434 | D:4      | Reached XP level 6. HP: 46/53 MP: 5/5
  3777 | D:4      | Found a shimmering blue altar of Sif Muna.
  3795 | D:4      | Reached skill level 6 in Shields
  4497 | D:5      | Entered Level 5 of the Dungeon
  4516 | D:4      | Reached skill level 5 in Fighting
  4575 | D:5      | Reached XP level 7. HP: 61/61 MP: 6/6
  4738 | D:5      | Found an opulent altar of Gozag.
  5300 | D:6      | Found a stormy altar of Qazlal.
  5375 | D:6      | Reached skill level 7 in Shields
  5377 | D:6      | Found a staircase to the Ecumenical Temple.
  6038 | Temple   | Entered the Ecumenical Temple
  6050 | Temple   | Became a worshipper of Warmaster Okawaru
  6079 | D:6      | Reached XP level 8. HP: 59/70 MP: 7/7
  6203 | D:6      | Found a bloodstained altar of Trog.
  6205 | D:6      | Found a shimmering blue altar of Sif Muna.
  6206 | D:6      | Found a burning altar of Makhleb.
  6271 | D:6      | Found Xelirr's Gadget Boutique.
  6274 | D:6      | Bought a wand of iceblast (10) for 154 gold pieces
  7006 | D:7      | Reached * piety under Okawaru
  7007 | D:7      | Reached skill level 8 in Shields
  7018 | D:7      | Slain by a warg

Illustrated notes

Levels and vault maps discovered:
D:1:      tarquinn_simple_flora_water_a, layout_basic
D:2:      layout_loops_cross, general_overflow_altar, minmay_stone_trees_small
D:3:      layout_loops_cross, amethyst_killhole, uniq_ijyb
D:4:      layout_basic, abandoned_shop, tgw_sif
D:5:      layout_rooms, grunt_gozag_statues
D:6:      layout_loops_corners, lemuel_crystal_altar,
          grunt_temple_overflow_open, minmay_temple_entry_ruins, serial_shops,
          kennysheep_mini_moat
D:7:      lemuel_castle_with_subvaults [lemuel_castle_interior_carwin_2],
          layout_loops_corners, enter_bailey_4, kennysheep_generic_room_6
Temple:   nicolae_temple_no_exploring_needed

Skill      XL: |  1  2  3  4  5  6  7  8 |
---------------+-------------------------+-----
Shields        | 4 5 6 7 8 |  8.4
Axes           | 3 4 5 6 7 |  7.9
Dodging        | 1 2 3 4 |  4.4
Fighting       | 4 5 6 |  6.3
Armour         | |  3.6

Action                   |  1- 3 |  4- 6 |  7- 9 || total
-------------------------+-------+-------+-------++-------
Melee: War axe           |    65 |   216 |   126 ||   407
       Headbutt          |    11 |    21 |    31 ||    63
       Unarmed           |       |     2 |       ||     2
Armor: Scale mail        |    18 |    89 |    40 ||   147
Dodge: Dodged            |    27 |    71 |    40 ||   138
Block: Kite shield       |    32 |   131 |    86 ||   249
